 Dungeon Crawl Stone Soup version 0.32-a0-128-g77eb882913 (webtiles) character file.

Game seed: 4689141103519617504

2118 zeratav the Mimic (level 9, 0/61 HPs)
             Began as an Octopode Shapeshifter on Feb 8, 2024.
             Killed from afar by a white imp (9 damage)
             ... with a puff of frost
             ... on level 6 of the Dungeon.
             The game lasted 00:12:07 (6318 turns).

zeratav the Mimic (Octopode Shapeshifter)           Turns: 6318, Time: 00:12:08

Health: 0/61       AC:  5    Str: 17    XL:     9   Next: 29%
Magic:  9/9        EV: 13    Int: 18    God:
Gold:   103        SH:  0    Dex: 18    Spells: 8/8 levels left

rFire   . .          .
                       - Unarmed
rCold   . . .        (no shield)
rNeg    . . .        (helmet currently unavailable)
rPois   .            (no amulet)
rElec   .            k - +4 ring of protection
rCorr   .            o - +6 ring of intelligence
SInv    .            x - ring "Jahiacowk" {Dex+6 Slay+2}
Will    .....        (no ring)
Stlth   ++++         (no ring)
HPRegen 0.30/turn    (no ring)
MPRegen 0.11/turn    (no ring)
                     (no ring)

%: no passive effects
@: beast-form
A: beast (slay +4), almost no armour, amphibious, 8 rings, camouflage 1,
gelatinous body 1, (nimble swimmer 1), tentacles
a: Begin Untransformation


You were on level 6 of the Dungeon.
You were a hulking beast.
You visited 2 branches of the dungeon, and saw 7 of its levels.

You collected 317 gold pieces.
You spent 214 gold pieces at shops.


Innate Abilities, Weirdness & Mutations

You are a hulking beast.
Your limbs bulge with bestial killing power. (Slay +4)
You cannot wear most types of armour.
You are amphibious.
You can wear up to eight rings at the same time.
Your skin changes colour to match your surroundings (Stealth+).
Your rubbery body absorbs attacks. (AC +1, EV +1)
((You are camouflaged when in or above water. (Stealth+)))
You have tentacles for arms and can constrict up to eight enemies at once.


   Skills:
 - Level 5.0 Fighting
 - Level 2.0 Dodging
 - Level 5.0 Stealth
 - Level 3.0 Unarmed Combat
 + Level 9.9 Shapeshifting


You had 8 spell levels left.
You didn't know any spells.
Your spell library contained the following spells:

 Spells                   Type           Power      Damage    Failure   Level
 Ensorcelled Hibernation  Hex/Ice        0%         N/A       32%         2
 Hailstorm                Conj/Ice       0%         3d5       54%         3
 Passwall                 Erth           0%         N/A       54%         3
 Summon Ice Beast         Ice/Summ       0%         N/A       54%         3
 Swiftness                Air            0%         N/A       54%         3
 Sculpt Simulacrum        Ice/Alch       0%         N/A       100%        6

Inventory:

Hand Weapons
 n - a +2 whip of electrocution {mace}
   (You took it off a kobold on level 2 of the Dungeon)
Jewellery
 k - a +4 ring of protection (left tentacle)
   (You found it on level 2 of the Dungeon)
 o - a +6 ring of intelligence (right tentacle)
   (You found it on level 2 of the Dungeon)
 x - the ring "Jahiacowk" (on tentacle) {Dex+6 Slay+2}
   (You found it on level 6 of the Dungeon)

   [ring of dexterity]

   Dex+6:     It affects your dexterity (+6).
   Slay+2:    It affects your accuracy & damage with ranged weapons and melee
   (+2).
Talismans
 b - a beast talisman
 c - a flux talisman
Scrolls
 d - 5 scrolls of teleportation {@r4}
 e - a scroll of enchant weapon
 h - 2 scrolls of vulnerability {!r!r}
 l - a scroll of fog
 r - a scroll of poison {!r}
 t - a scroll of silence {!r}
 u - a scroll of fear {unknown}
 w - a scroll of amnesia {unknown}
 y - a scroll of revelation
Potions
 a - 2 potions of lignification {!q}
 f - a potion of might {unknown}
 g - a potion of invisibility {unknown}
 i - a potion of mutation {unknown}
 j - 4 potions of curing {unknown}
 m - 2 potions of resistance {unknown}
 p - 2 potions of cancellation {unknown}
 q - 2 potions of heal wounds {unknown}
 s - a potion of berserk rage {unknown}
 v - a potion of magic {unknown}

Dungeon Overview and Level Annotations

Branches:
Dungeon (6/15) Zot: 25699  Temple (1/1) D:6 Zot: 5998

Altars:
Ashenzari
Cheibriados
Fedhas
Makhleb
Nemelex Xobeh
Okawaru
Qazlal
Ru
Trog
Vehumet
Yredelemnul

Shops:
D:3 ?

Annotations:
D:4 3 runed translucent doors, exclusions: black bear, downstairs and ogre, zenocrate's ghost, weakling KoDe
D:5 1 transporter, exclusion: iguana, Edmund
D:6 Maggie

#......
##########......
#...............
#.########...... #.#
#....#. #.# #...##.
####.## #....##.
##.....##........##.
#..h...........#####
#..)............. ##
#>..5............@...
#................####
#..............>.####
#....................
#............ ...####
##..........


You could see a white imp.


Message History

h - 2 scrolls of vulnerability {!r!r} (gained 1)
A scorpion comes into view.
A scorpion is nearby!
A scorpion is nearby!
A scorpion is nearby!
You strike the helpless scorpion from behind!
You bludgeon the scorpion! You grab the scorpion. You squeeze the scorpion!
You kill the scorpion!
No target in view!
No target in view!
No target in view!
No target in view!
No target in view!
No target in view!
No target in view!
No target in view!
No target in view!
No target in view!
No target in view!
No target in view!
No target in view!
No target in view!
You now have 76 gold pieces (gained 8).
You now have 86 gold pieces (gained 10).
You pick up a book of the Tundra and begin reading...
You add the spells Hailstorm, Summon Ice Beast and Sculpt Simulacrum to your library.
You open the door.
There is an open door here.
You now have enough gold to buy a scroll of blinking on D:3.
You can access your shopping list by pressing '$'.
You now have 103 gold pieces (gained 17).
Okay, then.
Okay, then.
There is an open door here.
Items here: (( ))))) ÷÷÷÷.
Items here: )) [[ ÷.
Things that are here:
a +0 leather armour; a +5 heavy flail {mace}
Things that are here:
a +0 club {mace}; a kobold skeleton A white imp comes into view.
A centaur comes into view.
A white imp comes into view.
Found a stone staircase leading down.
The centaur shouts!
The centaur wields a +0 orcbow.
The centaur shoots an arrow.
The arrow hits you! The white imp gestures at you. The puff of frost hits you.
HP[-13]
You take 13 damage, and now have 48/61 hp.
MASSIVE DAMAGE!! (PAUSE)
The centaur shoots an arrow.
The arrow hits you!
The centaur shoots an arrow.
The arrow hits you.
HP[-11]
You take 11 damage, and now have 37/61 hp.
The centaur unwields a +0 orcbow.
The centaur hits you.
The centaur kicks you but does no damage.
HP[-2]
You take 2 damage, and now have 35/61 hp.
You barely miss the centaur.
The white imp shouts, "Crawl home, thou churlish guts-griping surfacer!"
You squeeze the centaur. The centaur hits you. The centaur barely misses you.
The white imp gestures at you. The puff of frost hits you.
* * * LOW HITPOINT WARNING * * *
HP[-8]
You take 8 damage, and now have 27/61 hp.
You tentacle-slap the centaur but do no damage.
Your squeeze misses the centaur. The centaur barely misses you.
The centaur kicks you.
* * * LOW HITPOINT WARNING * * *
The centaur misses you. The centaur closely misses you.
The white imp hits you but does no damage.
HP[-1]
You take 1 damage, and now have 26/61 hp.
You tentacle-slap the centaur. The centaur hits you.
* * * LOW HITPOINT WARNING * * *
The centaur misses you. The white imp gestures at you.
The puff of frost hits you!
* * * LOW HITPOINT WARNING * * *
HP[-14]
You take 14 damage, and now have 12/61 hp.
MASSIVE DAMAGE!! (PAUSE)
You bludgeon the centaur! You squeeze the centaur!
You kill the centaur!
The white imp barely misses you.
You tentacle-slap the white imp. You grab the white imp.
You constrict the white imp. The white imp hits you.
* * * LOW HITPOINT WARNING * * *
The white imp freezes you.
* * * LOW HITPOINT WARNING * * *
HP[-3]
You take 3 damage, and now have 9/61 hp.
You tentacle-slap the white imp. x2
You kill the white imp!
The white imp gestures at you. The puff of frost hits you!
You die...

Skill      XL: |  1  2  3  4  5  6  7  8 |
---------------+-------------------------+-----
Stealth        | 2 3 5 |  5.0
Fighting       | 2 4 5 |  5.0
Shapeshifting  | 4 6 9 |  9.9
Dodging        | |  2.0
Unarmed Combat | |  3.0

Action                     |  1- 3 |  4- 6 |  7- 9 || total
---------------------------+-------+-------+-------++-------
  Melee: Unarmed           |    74 |   116 |   157 ||   347
         Constrict         |    17 |    24 |    37 ||    78
         Punch             |     3 |     4 |     9 ||    16
         Tentacles         |     4 |    21 |    53 ||    78
    Use: Scroll            |       |     3 |     4 ||     7
   Stab: Sleeping          |     9 |    10 |     6 ||    25
         Distracted        |       |       |     2 ||     2
 Armour: Skin              |    31 |    55 |    75 ||   161
  Dodge: Dodged            |    53 |    80 |    88 ||   221

Levels and vault maps discovered:
D:1:      grunt_arrival_crossed_arrows, layout_rooms,
          shapermc_ecumenical_altar_venn,
          nicolae_concentric_dashed_squares_mild, serial_park_tiny_2
D:2:      minmay_general_purpose_star, layout_rooms, serial_forest,
          infiniplex_forest_clump_curved, infiniplex_forest_lined_3,
          infiniplex_forest_end_2, infiniplex_forest_clump_medium,
          infiniplex_forest_diagonal, uniq_crazy_yiuf_cottage
D:3:      layout_loops_cross, serial_shops, shop
D:4:      layout_loops_ring, gammafunk_ghost_icy
D:5:      layout_basic, grunt_nemelex_the_gamble,
          yredelemnul_forgotten_temple_becter, minmay_checkerbox, uniq_edmund
D:6:      layout_rooms, minmay_temple_entry_statues_fountains,
          eino_tiny_chamber, minmay_fractal_squares_5, uniq_maggie
Temple:   dpeg_three_leaves_temple

Notes
Turn   | Place    | Note
-------+----------+-------------------------------------------
     0 | D:1      | zeratav the Octopode Shapeshifter began the quest for the
                  | Orb.
     0 | D:1      | Reached XP level 1. HP: 13/13 MP: 1/1
     0 | D:1      | magus.rc [v1.9.6]
    17 | D:1      | Reached skill level 1 in Stealth
    18 | D:1      | HP: 3/13 [goblin/+0 dagger (4)]
    88 | D:1      | Reached skill level 2 in Stealth
    92 | D:1      | Reached XP level 2. HP: 11/18 MP: 2/2
   190 | D:1      | Reached skill level 3 in Stealth
   192 | D:1      | You fall into a shaft and drop 1 floor!
   413 | D:1      | Reached XP level 3. HP: 23/23 MP: 3/3
   443 | D:1      | Reached skill level 4 in Stealth
   732 | D:1      | Found a faded altar of an unknown god.
   994 | D:2      | Reached skill level 5 in Stealth
  1073 | D:2      | Reached XP level 4. HP: 28/28 MP: 4/4
  1549 | D:3      | Found Inypeqyu's Magic Scroll Shoppe.
  1588 | D:3      | Bought a scroll of identify for 26 gold pieces
  1674 | D:3      | Reached skill level 2 in Fighting
  2124 | D:4      | Noticed an ogre
  2276 | D:4      | Reached XP level 5. HP: 36/36 MP: 5/5
  2358 | D:4      | Noticed an ice beast
  2361 | D:4      | Reached skill level 3 in Fighting
  2373 | D:4      | Killed an ice beast
  2374 | D:4      | Reached skill level 4 in Fighting
  2478 | D:4      | Found a runed translucent gate.
  2479 | D:4      | Found a runed translucent gate.
  2479 | D:4      | Found a runed translucent gate.
  2508 | D:4      | Noticed an ice beast
  2710 | D:4      | Noticed a black bear
  3195 | D:4      | Noticed zenocrate's ghost (weakling KoDe)
  3195 | D:4      | Noticed an ice beast
  3229 | D:5      | Entered Level 5 of the Dungeon
  3237 | D:5      | Reached XP level 6. HP: 40/45 MP: 6/6
  3289 | D:5      | You pick up a book of Burglary and begin reading...
  3289 | D:5      | You add the spells Ensorcelled Hibernation, Swiftness and
                  | Passwall to your library.
  3296 | D:5      | Reached skill level 5 in Fighting
  3558 | D:5      | Noticed Edmund
  3582 | D:5      | Reached skill level 4 in Shapeshifting
  3582 | D:5      | Reached XP level 7. HP: 38/50 MP: 7/7
  3912 | D:5      | Reached skill level 5 in Shapeshifting
  4247 | D:5      | Found a sparkling altar of Nemelex Xobeh.
  4247 | D:5      | Found a transporter.
  4247 | D:5      | Noticed a kobold demonologist
  4322 | D:5      | Found a basalt altar of Yredelemnul.
  4340 | D:5      | Reached skill level 6 in Shapeshifting
  4442 | D:5      | Reached XP level 8. HP: 48/55 MP: 8/8
  4445 | D:5      | Reached skill level 7 in Shapeshifting
  5053 | D:6      | Noticed Maggie
  5277 | D:6      | Reached skill level 8 in Shapeshifting
  5539 | D:3      | Bought a scroll of identify for 26 gold pieces
  5539 | D:3      | Bought a scroll of identify for 26 gold pieces
  5539 | D:3      | Bought a scroll of revelation for 97 gold pieces
  5539 | D:3      | Bought a scroll of teleportation for 39 gold pieces
  5683 | D:6      | Found a staircase to the Ecumenical Temple.
  5694 | Temple   | Entered the Ecumenical Temple
  5843 | D:6      | Identified the ring "Jahiacowk" {Dex+6 Slay+2}
  5857 | D:6      | Reached skill level 9 in Shapeshifting
  5857 | D:6      | Reached XP level 9. HP: 61/61 MP: 9/9
  6200 | D:6      | You pick up a book of the Tundra and begin reading...
  6200 | D:6      | You add the spells Hailstorm, Summon Ice Beast and Sculpt
                  | Simulacrum to your library.
  6315 | D:6      | HP: 12/61 [white imp/puff of frost (10)]
  6318 | D:6      | Killed from afar by a white imp

Vanquished Creatures
  A water moccasin (D:5)
  2 ice beasts
  A black bear (D:6)
  2 centaurs
  3 ogres
  2 phantoms
  A weeping skull (D:5)
  A kobold brigand (D:6)
  5 scorpions
  4 hounds
  2 jellies
  3 orc priests
  A sleepcap (D:5)
  A gnoll bouda (D:6)
  2 iguanas
  6 orc wizards
  8 adders
  5 gnolls (D:6)
  A white imp (D:6)
  An ufetubus (D:5)
  3 dart slugs
  A ribbon worm (D:3)
  14 orcs
  9 ball pythons
  4 bats
  5 endoplasms
  2 giant cockroaches (D:1)
  8 goblins
  4 hobgoblins
  6 jackals
  5 quokkas
  A frilled lizard (D:2)
  13 kobolds
  3 rats
  A spectral orc (D:5)
131 creatures vanquished.

Table legend:
 A = Non-vault XP
 B = Vault XP
 C = Vault XP percentage of total XP
 D = Non-vault monster count
 E = Vault monster count
 F = Vault count percentage of total count
                 A         B        C        D         E       F
            +---------+---------+-------+---------+---------+-------
      Total |    2506 |     531 |  17.5 |     118 |      13 |   9.9
            +---------+---------+-------+---------+---------+-------
        D:1 |      48 |       0 |   0.0 |      24 |       0 |   0.0
        D:2 |      24 |      17 |  41.5 |      15 |       3 |  16.7
        D:3 |      45 |       0 |   0.0 |      12 |       0 |   0.0
        D:4 |     170 |       0 |   0.0 |      10 |       0 |   0.0
        D:5 |     816 |     382 |  31.9 |      24 |       6 |  20.0
        D:6 |    1403 |     132 |   8.6 |      33 |       4 |  10.8
            +---------+---------+-------+---------+---------+-------

Skill      XL: |  1  2  3  4  5  6  7  8 |
---------------+-------------------------+-----
Stealth        | 2 3 5 |  5.0
Fighting       | 2 4 5 |  5.0
Shapeshifting  | 4 6 9 |  9.9
Dodging        | |  2.0
Unarmed Combat | |  3.0

Action                     |  1- 3 |  4- 6 |  7- 9 || total
---------------------------+-------+-------+-------++-------
  Melee: Unarmed           |    74 |   116 |   157 ||   347
         Constrict         |    17 |    24 |    37 ||    78
         Punch             |     3 |     4 |     9 ||    16
         Tentacles         |     4 |    21 |    53 ||    78
    Use: Scroll            |       |     3 |     4 ||     7
   Stab: Sleeping          |     9 |    10 |     6 ||    25
         Distracted        |       |       |     2 ||     2
 Armour: Skin              |    31 |    55 |    75 ||   161
  Dodge: Dodged            |    53 |    80 |    88 ||   221

Illustrated notes

Table legend:
 A = Kills in this place as a percentage of kills in the entire game.
 B = Kills by you in this place as a percentage of kills by you in the entire game.
 C = Kills by friends in this place as a percentage of kills by friends in the entire game.
 D = Other kills in this place as a percentage of other kills in the entire game.
 E = Experience gained in this place as a percentage of experience gained in the entire game.
 F = Experience gained in this place divided by the number of levels of this place that you have seen.
                   A       B       C       D       E      F
               +-------+-------+-------+-------+-------+----------------------
         Total | 100.0 | 100.0 |   N/A |   N/A | 100.0 | 433.9
       Dungeon | 100.0 | 100.0 |   N/A |   N/A | 100.0 | 506.2
               +-------+-------+-------+-------+-------+----------------------

Table legend: (Time is in decaauts)
 A = Elapsed time spent in this place.
 B = Non-inter-level travel time spent in this place.
 C = Inter-level travel time spent in this place.
 D = Time resting spent in this place.
 E = Time spent auto-exploring this place.
 F = Levels seen in this place.
 G = Mean time per level.
                   A        B        C        D        E       F      G
               +--------+--------+--------+--------+--------+-----+--------+
         Total |   6300 |   6051 |    249 |   1107 |   3936 |   7 |  900.0 |
       Dungeon |   6299 |   6050 |    249 |   1107 |   3936 |   6 | 1049.8 |
        Temple |      1 |      1 |      0 |      0 |      0 |   1 |    1.0 |
               +--------+--------+--------+--------+--------+-----+--------+

Top non-repeatable levels by time:
     D:5: 1902 daAuts
     D:4: 1189 daAuts
     D:6: 1110 daAuts
     D:2: 787 daAuts
     D:1: 676 daAuts
     D:3: 633 daAuts
  Temple: 1 daAuts
